 Dungeon Crawl Stone Soup version 0.29.1-12-g30fa7ad0bf (webtiles) character file.

Game seed: 3176615468744620444

256 kingofthe the Ducker (level 5, -6/28 HPs)
             Began as a Deep Elf Venom Mage on Jan 15, 2023.
             Splashed by a jelly's acid (7 damage)
             ... on level 4 of the Dungeon.
             The game lasted 00:14:57 (4439 turns).

kingofthe the Ducker (Deep Elf Venom Mage)          Turns: 4439, Time: 00:14:57

Health: -6/28      AC:  0    Str:  5    XL:     5   Next: 92%
Magic:  9/13       EV: 14    Int: 20    God:
Gold:   264        SH:  0    Dex: 17    Spells: 7/13 levels left

rFire   . . .      SeeInvis .   q - +0 rapier
rCold   + . .      Faith    .   (no shield)
rNeg    . . .      Spirit   .   a - +0 robe
rPois   .          Reflect  .   d - +0 helmet
rElec   .          Harm     .   (no cloak)
rCorr   .          Rampage  .   (no gloves)
Will    .....                   t - +0 pair of boots
Stlth   ++........              (no amulet)
HPRegen 0.09/turn               r - ring of protection from cold
MPRegen 0.13/turn               (no ring)

@: corroded
A: no striking features
a: no special abilities


You were on level 4 of the Dungeon.
You visited 1 branch of the dungeon, and saw 4 of its levels.

You collected 264 gold pieces.

Inventory:

Hand Weapons
 j - a +0 short sword
 q - a +0 rapier (weapon)
Armour
 a - a +0 robe (worn)
 d - a +0 helmet (worn)
 o - an orb of wrath
 t - a +0 pair of boots (worn)
Jewellery
 r - a ring of protection from cold (left hand)
Wands
 y - a wand of iceblast (9)
Scrolls
 c - 2 scrolls of torment {unknown}
 e - 2 scrolls of teleportation {unknown}
 h - a scroll of noise {unknown}
 i - a scroll of magic mapping {unknown}
 k - 2 scrolls of poison {unknown}
 m - a scroll of blinking {unknown}
 n - 5 scrolls of identify {unknown}
 p - 3 scrolls of vulnerability {unknown}
 s - a scroll of fear {unknown}
 v - a scroll of enchant armour {unknown}
 x - a scroll of amnesia {unknown}
 A - a scroll of fog {unknown}
Potions
 b - a potion of magic
 f - 2 potions of attraction {unknown}
 g - 2 potions of might {unknown}
 l - 3 potions of curing {unknown}
 u - a potion of brilliance {unknown}
 w - 2 potions of lignification {unknown}
 z - a potion of degeneration {unknown}
 B - a potion of heal wounds {unknown}


   Skills:
 * Level 4.9 Dodging
 - Level 3.0 Stealth
 + Level 4.5 Spellcasting
 + Level 1.2 Conjurations
 - Level 1.5 Transmutations
 + Level 1.5 Air Magic
 + Level 4.3 Poison Magic


You had 7 spell levels left.
You knew the following spells:

 Your Spells              Type           Power      Damage    Failure   Level
a - Sting                 Tmut/Pois      64%        1d6       3%          1
b - Poisonous Vapours     Pois/Air       32%        N/A       5%          2
c - Mephitic Cloud        Conj/Pois/Air  14%        N/A       14%         3

Your spell library contained the following spells:

 Spells                   Type           Power      Damage    Failure   Level
 Olgreb's Toxic Radiance  Pois           22%        N/A       21%         4
 Dazzling Flash           Conj/Hex       14%        N/A       28%         3
 Portal Projectile        Hex/Tloc       8%         N/A       36%         3
 Tukima's Dance           Hex            4%         N/A       36%         3
 Blade Hands              Tmut           5%         N/A       88%         5
 Silence                  Hex/Air        3%         N/A       94%         5
 Agony                    Necr           4%         N/A       98%         5


Dungeon Overview and Level Annotations

Branches:
Dungeon (4/15)
 Temple: D:4-7

Altars:
Nemelex Xobeh
Uskayaw
Xom
The Shining One


Message History

Confirm with . or Enter, or press ? or * to list all spells.
Aiming: Sting (safe; 3% risk of failure)
Press: ? - help, Shift-Dir - straight line, f/p - jelly
Aim: a jelly (lightly wounded, 100% to hit)
The sting hits the jelly.
The jelly partially resists.
The jelly is poisoned.
The jelly is moderately wounded.
Casting: Sting (safe; 3% risk of failure)
Confirm with . or Enter, or press ? or * to list all spells.
Aiming: Sting (safe; 3% risk of failure)
Press: ? - help, Shift-Dir - straight line, f/p - jelly
Aim: a jelly (moderately wounded, poisoned, 100% to hit)
You miscast Sting.
You are very lightly contaminated with residual magic.
Nothing appears to happen.
The jelly closely misses you.
Casting: Sting (safe; 3% risk of failure)
Confirm with . or Enter, or press ? or * to list all spells.
Aiming: Sting (safe; 3% risk of failure)
Press: ? - help, Shift-Dir - straight line, f/p - jelly
Aim: a jelly (moderately wounded, poisoned, 100% to hit)
The sting hits the jelly.
The jelly partially resists.
The jelly looks even sicker.
The jelly is moderately wounded.
The jelly hits you. The acid corrodes you!
You are splashed with acid!
The jelly attacks as you move away! The jelly barely misses you.
The jelly attacks as you move away! The jelly barely misses you.
Casting: Sting (safe; 3% risk of failure)
Confirm with . or Enter, or press ? or * to list all spells.
Aiming: Sting (safe; 3% risk of failure)
Press: ? - help, Shift-Dir - straight line, f/p - jelly
Aim: a jelly (moderately wounded, very poisoned, 100% to hit)
The sting hits the jelly.
The jelly partially resists.
The jelly is heavily wounded.
The jelly hits you.
You are splashed with acid!
* * * LOW HITPOINT WARNING * * *
The jelly attacks as you move away! The jelly completely misses you.
Your magical contamination has completely faded away.
The jelly attacks as you move away! The jelly hits you.
* * * LOW HITPOINT WARNING * * *
You are splashed with acid!
You die...

..........##..........##+##
#.#.#
..........#...........#
...#..
..........#...........#
###.#.#
..........#...........# #.
..........#......... #
#........ #. ....... ##.
#...# .. #@# #.### #J#
#.... # #.##### #..##
##.#.....# #.... #.⌠'.###.#
#.#####... #...#.# #.#
#........# .'...##.# #.#
######..# ....# ..###'##
#.## .⌠.# .###...# ##.#


You could see a jelly (poisoned).

Vanquished Creatures
  An ogre (D:4)
  Jessica (D:2)
  Natasha (thrice) (D:2)
  3 adders
  2 worms
  A dart slug (D:1)
  3 orcs (D:4)
  2 ball pythons (D:1)
  2 endoplasms (D:1)
  5 giant cockroaches
  3 goblins
  3 hobgoblins
  2 jackals (D:4)
  3 kobolds
  2 bats
  A frilled lizard (D:1)
  4 rats
41 creatures vanquished.

Notes
Turn   | Place    | Note
-------+----------+-------------------------------------------
     0 | D:1      | kingofthe the Deep Elf Venom Mage began the quest for the
                  | Orb.
     0 | D:1      | Reached XP level 1. HP: 10/10 MP: 6/6
   393 | D:1      | Reached XP level 2. HP: 15/15 MP: 6/8
   739 | D:1      | Learned a level 2 spell: Poisonous Vapours
  1175 | D:2      | Found a sparkling altar of Nemelex Xobeh.
  1374 | D:2      | Noticed Jessica
  1382 | D:2      | Noticed Natasha
  1385 | D:2      | Killed Jessica
  1386 | D:2      | Reached XP level 3. HP: 12/19 MP: 6/10
  1882 | D:2      | Killed Natasha
  1883 | D:2      | Reached XP level 4. HP: 24/24 MP: 7/11
  2142 | D:2      | Noticed Natasha
  2150 | D:2      | Killed Natasha
  2155 | D:2      | Learned a level 3 spell: Mephitic Cloud
  2155 | D:2      | Noticed Natasha
  2454 | D:2      | Killed Natasha
  2784 | D:3      | Reached XP level 5. HP: 28/28 MP: 8/13
  3599 | D:4      | Found a hide-covered altar of Uskayaw.
  3599 | D:4      | Found a glowing golden altar of the Shining One.
  3600 | D:4      | Found a shimmering altar of Xom.
  3614 | D:4      | Reached skill level 1 in Air Magic
  4201 | D:4      | Noticed an ogre
  4216 | D:4      | Killed an ogre
  4217 | D:4      | Reached skill level 1 in Conjurations
  4439 | D:4      | HP: 1/28 [jelly (2)]
  4439 | D:4      | Splashed by a jelly's acid

Illustrated notes

Levels and vault maps discovered:
D:1:      kennysheep_arrival_seaside, layout_basic
D:2:      layout_rooms, basic_altar, uniq_jessica, uniq_natasha
D:3:      layout_basic
D:4:      layout_basic, nicolae_overflow_quartered_altars, temple_statues,
          minmay_fountain_box, grunt_decor_arrowhead

Skill      XL: |  1  2  3  4  5 |
---------------+----------------+-----
Stealth        | 3 |  3.0
Dodging        | 3 4 |  4.9
Spellcasting   | 4 |  4.5
Poison Magic   | 4 |  4.3
Air Magic      | 1 |  1.5
Conjurations   | 1 |  1.2
Transmutations | |  1.5

Action                   |  1- 3 |  4- 6 || total
-------------------------+-------+-------++-------
Melee: Short sword       |     4 |       ||     4
       Rapier            |       |     3 ||     3
 Cast: Sting             |    48 |    38 ||    86
       Poisonous Vapours |       |    33 ||    33
Armor: Robe              |    20 |     1 ||    21
Dodge: Dodged            |    51 |    10 ||    61
